 Dungeon Crawl Stone Soup version 0.29.1-1-gd02db6906a (webtiles) character file.

Game seed: 2954086391361951390

33 lonewolfV2 the Trooper (level 3, -1/43 HPs)
             Began as a Demonspawn Berserker on Oct 16, 2022.
             Was a Follower of Trog.
             Slain by an adder (3 damage)
             ... on level 2 of the Dungeon.
             The game lasted 00:02:13 (1293 turns).

lonewolfV2 the Trooper (Demonspawn Berserker)       Turns: 1293, Time: 00:02:14

Health: -1/43      AC:  2    Str: 17    XL:     3   Next: 12%
Magic:  3/3        EV: 12    Int:  8    God:    Trog [*.....]
Gold:   19         SH:  5    Dex: 14    Spells: 2/2 levels left

rFire   . . .      SeeInvis .   a - +0 hand axe (flame)
rCold   . . .      Faith    .   (no shield)
rNeg    . . .      Spirit   .   b - +0 animal skin
rPois   .          Reflect  +   (helmet restricted)
rElec   .          Harm     .   (no cloak)
rCorr   .          Rampage  .   (no gloves)
Will    .....                   (no boots)
Stlth   ..........              f - amulet of reflection
HPRegen 0.14/turn               (no ring)
MPRegen 0.08/turn               (no ring)

@: berserking, very quick
A: antennae 1
a: Renounce Religion, Berserk


You were on level 2 of the Dungeon.
You worshipped Trog.
Trog was aware of your devotion.
You visited 1 branch of the dungeon, and saw 2 of its levels.

You collected 19 gold pieces.

Inventory:

Hand Weapons
 a - a +0 hand axe of flaming (weapon)
Armour
 b - a +0 animal skin (worn)
Jewellery
 f - an amulet of reflection (around neck)
Potions
 c - a potion of magic
 d - a potion of curing {unknown}
 e - 2 potions of attraction {unknown}


   Skills:
 + Level 3.5 Fighting
 + Level 3.3 Axes
 + Level 2.0 Armour
 + Level 1.9 Dodging


You had 2 spell levels left.
You didn't know any spells.
Your spell library was empty.

Dungeon Overview and Level Annotations

Branches:
Dungeon (2/15)

Altars:

Shops:
D:1 :


Innate Abilities, Weirdness & Mutations

You have a pair of small antennae on your head.


Message History

You closely miss the kobold. The kobold hits you but does no damage.
You hit the kobold. You burn the kobold.
You kill the kobold!
Trog accepts your kill.
Things that are here:
a +0 whip; a kobold corpse
Found a helmet and a leather armour.
You now have 19 gold pieces (gained 8).
You see here a +0 helmet.
You see here a +0 leather armour.
A goblin comes into view. It is wielding a +0 club.
A goblin is nearby!
A goblin is nearby!
A goblin is nearby!
A goblin is nearby!
An adder, a frilled lizard and a gnoll come into view.
The adder hisses angrily. 2 gnolls come into view.
The gnoll shouts!
The frilled lizard hisses angrily.
The gnoll shouts! x2
The gnoll hits you with a +0 flail!
A red film seems to cover your vision as you go berserk!
You feel yourself moving faster!
You feel mighty! The gnoll hits you with a +0 flail!
You barely miss the gnoll. The gnoll closely misses you.
You slash the gnoll! You burn the gnoll.
The gnoll is severely wounded.
The gnoll hits you with a +0 flail!
* * * LOW HITPOINT WARNING * * *
You slash the gnoll! You burn the gnoll.
You kill the gnoll!
Trog accepts your kill.
Your Armour skill increases to level 2!
You have reached level 3!
Your experience leads to an increase in your attributes!
Increase (S)trength, (I)ntelligence, or (D)exterity?
You feel agile. x2
You barely miss the adder. You block the adder's attack. x2
You closely miss the adder. The adder closely misses you.
You barely miss the adder. The adder bites you.
You die...

.##.....## #.........#
.###...## #.........#
.# ##.## #.........#
.# ##.# #.........# .#
#..# #.........# .#
#.## #....g..g.# .#
#.# #..ggl..g.# .# #.#
###S# .# #.#
..#@######## ####.###
#.#........# .>.....#
#.########.# ####<#.#
#.# #[# #<#.# #.# #[#
#.#.#######.########.#
#.#...............##.#
#.######.########.##.#
#.# #.# #.##.####


You could see 2 gnolls, an adder, a goblin and a frilled lizard.

Vanquished Creatures
  A gnoll (D:2)
  2 dart slugs (D:1)
  2 endoplasms (D:1)
  2 giant cockroaches
  3 jackals (D:1)
  2 kobolds (D:2)
  A ball python (D:1)
  2 bats (D:1)
  A goblin (D:1)
  3 rats
19 creatures vanquished.

Notes
Turn   | Place    | Note
-------+----------+-------------------------------------------
     0 | D:1      | lonewolfV2 the Demonspawn Berserker began the quest for the
                  | Orb.
     0 | D:1      | Reached XP level 1. HP: 18/18 MP: 1/1
   161 | D:1      | Discovered your monstrous ancestry.
   161 | D:1      | Gained mutation: You have a pair of small antennae on your
                  | head. [demonic ancestry]
   161 | D:1      | Reached XP level 2. HP: 3/24 MP: 2/2
   162 | D:1      | Found Jybatant's Vocational Training.
  1014 | D:1      | Found a faded altar of an unknown god.
  1289 | D:2      | HP: 1/36 [gnoll/+0 flail (11)]
  1291 | D:2      | Reached XP level 3. HP: 2/29 MP: 3/3
  1293 | D:2      | Slain by an adder

Illustrated notes

Levels and vault maps discovered:
D:1:      dpeg_arrival_lava_temple_mockup, layout_rooms,
          shapermc_ecumenical_altar_mp_vishouse, grunt_decor_arrowhead,
          nicolae_shop_vocational
D:2:      layout_loops_ring

Skill      XL: |  1  2 |
---------------+-------+-----
Axes           | 3 |  3.3
Armour         | 2 |  2.0
Fighting       | |  3.5
Dodging        | |  1.9

Action                   || total
-------------------------++-------
Melee: Hand axe          ||    51
Invok: Berserk           ||     1
  Use: Scroll            ||     4
Armor: Animal skin       ||    19
Dodge: Dodged            ||    62
Block: Other             ||     3
